 Dungeon Crawl Stone Soup version 0.25-b1-50-g7b83aa72e5 (webtiles) character file.

Game seed: 6518131336432827521

(classic levelgen) 1947779 EnegeticOcto the Slayer (level 23, 232/232 HPs)
             Began as a Minotaur Fighter on June 12, 2020.
             Was an Initiate of Gozag.
             Escaped with the Orb
             ... and 3 runes!
             The game lasted 00:40:20 (46429 turns).

EnegeticOcto the Slayer (Minotaur Fighter)         Turns: 46429, Time: 00:40:20

Health: 232/232    AC: 34    Str: 30    XL:     23   Next: 33%
Magic:  41/41      EV: 15    Int:  7    God:    Gozag
Gold:   2498       SH: 31    Dex:  9    Spells: 22/22 levels left

rFire    . . .     SeeInvis .   a - +4 broad axe (freeze)
rCold    + . .     Gourm    .   d - +6 tower shield
rNeg     + + +     Faith    .   U - +4 plate armour of Emoga {rN++ MP+9 Dex-2 Slay+2}
rPois    .         Spirit   +   O - +1 hat {MR+}
rElec    +         Reflect  .   C - +1 cloak
rCorr    .         Harm     .   g - +1 pair of gloves "Zonec" {rElec MR+ Int+2}
MR       +++..                  W - +0 pair of boots of Dishonesty {rN+} (curse)
Stlth    ..........             E - amulet of guardian spirit
HPRegen  0.48/turn              F - +4 ring of protection {=R}
MPRegen  0.27/turn              L - ring of protection from cold

@: no status effects
A: retaliatory headbutt, horns 2, mutation resistance 1, MP-powered wands
0: Orb of Zot
}: 3/15 runes: barnacled, silver, gossamer
a: Potion Petition, Call Merchant, Bribe Branch, Renounce Religion


You escaped.
You worshipped Gozag.
Gozag was most pleased with you.
You were near starving.

You visited 8 branches of the dungeon, and saw 44 of its levels.
You visited 1 bazaar.
You also visited: Sewer.

You collected 17799 gold pieces.
You spent 4870 gold pieces at shops.
You paid 10431 gold pieces to Gozag.

Inventory:

Hand Weapons
 a - a +4 broad axe of freezing (weapon)
 T - a +0 trident of distortion
Missiles
 M - 5 throwing nets (quivered)
Armour
 d - a +6 tower shield (worn)
 g - the +1 pair of gloves "Zonec" (worn) {rElec MR+ Int+2}
   (You found it on level 10 of the Dungeon)

   It affects your intelligence (+2).
   It insulates you from electricity.
   It affects your resistance to hostile enchantments.
 C - a +1 cloak (worn)
 O - a +1 hat of magic resistance (worn)
 U - the +4 plate armour of Emoga (worn) {rN++ MP+9 Dex-2 Slay+2}
   (You bought it in a shop on level 2 of the Shoals)

   It affects your dexterity (-2).
   It affects your accuracy and damage with ranged weapons and melee attacks
   (+2).
   It greatly protects you from negative energy.
   It affects your magic capacity (+9).
 W - the cursed +0 pair of boots of Dishonesty (worn) {rN+}
   (You bought it in a shop on level 5 of the Vaults)

   It protects you from negative energy.
   It has a curse placed upon it.
Jewellery
 h - an uncursed amulet of reflection
 w - an uncursed ring of see invisible
 E - an amulet of guardian spirit (around neck)
 F - a +4 ring of protection (left hand) {=R}
 L - a ring of protection from cold (right hand)
 N - an uncursed ring of positive energy
 P - the amulet "Exeipti" {Regen+ Str+5}
   (You took it off a vault warden on level 5 of the Vaults)

   [amulet of regeneration]

   It affects your strength (+5).
   It increases your rate of regeneration.
 Q - a +6 ring of strength
Wands
 c - a wand of digging (1) {@v3}
 o - a wand of clouds (7)
 p - a wand of acid (23) {@v1}
 z - a wand of paralysis (6)
 A - a wand of flame (72) {@v4}
 K - a wand of iceblast (16) {@v2}
 R - a wand of polymorph (7)
Scrolls
 f - 17 scrolls of identify {@r1}
 i - 15 scrolls of remove curse {@r2}
 l - 16 scrolls of teleportation {@r3}
 m - 2 scrolls of fog
 q - 5 scrolls of immolation {@r7}
 s - 2 scrolls of blinking {@r4}
 t - 7 scrolls of fear
 v - 2 scrolls of magic mapping {@r5}
 y - 3 scrolls of vulnerability
 S - a scroll of brand weapon
Potions
 b - 3 potions of ambrosia
 j - 3 potions of stabbing {@q5}
 k - a potion of might {@q3}
 r - 4 potions of heal wounds {@q2}
 u - 3 potions of lignification {@q7}
 B - 3 potions of magic
 G - 6 potions of curing {@q1}
 H - 3 potions of mutation
Miscellaneous
 I - a phial of floods
 J - a lightning rod (4/4)
 V - a box of beasts
 X - a tin of tremorstones (3/3)
 Y - 3 phantom mirrors
Comestibles
 e - 18 rations


   Skills:
 * Level 24.5 Fighting
 - Level 18.0 Axes
 + Level 18.6 Armour
 + Level 17.2 Dodging
 * Level 21.9 Shields
 + Level 13.9 Evocations


You had 22 spell levels left.
You didn't know any spells.
Your spell library contained the following spells:

 Spells                   Type           Power        Failure   Level  Hunger
 Animate Skeleton         Necr           N/A          97%         1    ##.....
 Apportation              Tloc           #.....       97%         1    ##.....
 Corona                   Hex            #......      97%         1    ##.....
 Foxfire                  Conj/Fire      #...         97%         1    ##.....
 Magic Dart               Conj           #...         97%         1    ##.....
 Pain                     Necr           #...         97%         1    ##.....
 Sting                    Tmut/Pois      #...         97%         1    ##.....
 Summon Butterflies       Summ           #.......     97%         1    ##.....
 Summon Small Mammal      Summ           #...         97%         1    ##.....
 Blink                    Tloc           N/A          99%         2    ###....
 Call Imp                 Summ           #.......     99%         2    ###....
 Corpse Rot               Necr/Air       N/A          99%         2    ###....
 Slow                     Hex            #.......     99%         2    ###....
 Sublimation of Blood     Necr           #.........   99%         2    ###....
 Call Canine Familiar     Summ           #.......     100%        3    ####...
 Confusing Touch          Hex            #.......     100%        3    ####...
 Conjure Flame            Conj/Fire      #.......     100%        3    ####...
 Gell's Gravitas          Tloc           #.........   100%        3    ####...
 Ignite Poison            Fire/Tmut/Pois #.......     100%        3    ####...
 Inner Flame              Hex/Fire       #.......     100%        3    ####...
 Lesser Beckoning         Tloc           #.........   100%        3    ####...
 Mephitic Cloud           Conj/Pois/Air  #.......     100%        3    ####...
 Summon Guardian Golem    Hex/Summ       #.......     100%        3    ####...
 Tukima's Dance           Hex            #.......     100%        3    ####...
 Vampiric Draining        Necr           #.........   100%        3    ####...
 Animate Dead             Necr           N/A          100%        4    #####..
 Dispel Undead            Necr           #.......     100%        4    #####..
 Leda's Liquefaction      Hex/Erth       #.........   100%        4    #####..
 Petrify                  Tmut/Erth      #.......     100%        4    #####..
 Sticky Flame             Conj/Fire      #.......     100%        4    #####..
 Summon Ice Beast         Ice/Summ       #.......     100%        4    #####..
 Summon Lightning Spire   Summ/Air       #.......     100%        4    #####..
 Agony                    Necr           #.......     100%        5    ######.
 Alistair's Intoxication  Tmut/Pois      #.......     100%        5    ######.
 Bolt of Magma            Conj/Fire/Erth #.........   100%        5    ######.
 Excruciating Wounds      Chrm/Necr      #.........   100%        5    ######.
 Fireball                 Conj/Fire      #.........   100%        5    ######.
 Irradiate                Conj/Tmut      #.........   100%        5    ######.
 Iskenderun's Battlesphe  Conj/Chrm      #.......     100%        5    ######.
 Metabolic Englaciation   Hex/Ice        #.........   100%        5    ######.
 Silence                  Hex/Air        #.........   100%        5    ######.
 Yara's Violent Unravell  Hex/Tmut       #.........   100%        5    ######.
 Conjure Ball Lightning   Conj/Air       #.........   100%        6    #######
 Eringya's Noxious Bog    Tmut/Pois      #.........   100%        6    #######
 Invisibility             Hex            #.......     100%        6    #######
 Iron Shot                Conj/Erth      #.........   100%        6    #######
 Statue Form              Tmut/Erth      #........    100%        6    #######
 Haunt                    Necr/Summ      #.........   100%        7    #######
 Orb of Destruction       Conj           #.........   100%        7    #######
 Spellforged Servitor     Conj/Summ      #.........   100%        7    #######
 Borgnjor's Revivificati  Necr           #.........   100%        8    #######
 Death's Door             Chrm/Necr      #.........   100%        8    #######
 Infestation              Necr           #.........   100%        8    #######
 Necromutation            Tmut/Necr      #.........   100%        8    #######
 Shatter                  Erth           #.........   100%        9    #######
 Tornado                  Air            #.........   100%        9    #######


Dungeon Overview and Level Annotations

Branches:
Dungeon (15/15)            Temple (0/1) D:7            Lair (4/6) D:11
 Shoals (4/4) Lair:4       Spider (4/4) Lair:3          Orc (2/2) D:10
    Elf (0/3) Orc:2        Vaults (5/5) D:13         Depths (5/5) D:15
    Zot (5/5) Depths:5      Sewer (visited)
  Crypt: Vaults:2-3

Altars:
Elyvilon
Gozag
Makhleb
Okawaru
Ru
Trog
Uskayaw
Vehumet
Yredelemnul
The Shining One
Beogh
Jiyva

Shops:
D:4 (   D:6 %   D:10 }   D:11 [   D:13 =   D:15 ?   Orc:2 (**:   Shoals:2 [
Vaults:5 [!%%

Portals:
Hell: Depths:4 Depths:5
Abyss: Depths:4
Trove: Depths:2 (give +5 ice dragon scales)

Annotations:
D:11 2 runed translucent doors, gruber's ghost, journeyman GrGl
Lair:3 exclusion: 3 oklob plants
Zot:4 1 transporter


Innate Abilities, Weirdness & Mutations

You reflexively headbutt those who attack you in melee.
You have a pair of horns on your head.
You are somewhat resistant to further mutation.
You expend magic power (3 MP) to strengthen your wands.


Message History

A hungry ghost comes into view.
Unknown command.
The hungry ghost hits you.
You are feeling very hungry.
There is a stone staircase leading up here.
You closely miss the hungry ghost. The hungry ghost misses you.
Your plate armour of Emoga prevents you from hitting the hungry ghost.
Your headbutt misses the hungry ghost. You block the hungry ghost's attack.
You slash the hungry ghost!
The hungry ghost is moderately damaged.
You slash the hungry ghost!
The hungry ghost is severely damaged.
You block the hungry ghost's attack.
Your plate armour of Emoga prevents you from hitting the hungry ghost.
The hungry ghost is severely damaged.
You block the hungry ghost's attack.
You slash the hungry ghost! You freeze the hungry ghost.
You destroy the hungry ghost!
No target in view!
No target in view!
No target in view!
(D) Dungeon (T) Temple (L) Lair (A) Shoals (N) Spider Nest (O) Orcish Mines (E) Elven Halls (V) Vaults (U) Depths (H) Hell (Z) Zot
Where to? (Enter - D:1 @ (x,y), ? - help)
You climb upwards.
There is a stone staircase leading down here.
A red devil comes into view. It is wielding a +0 trident.
Unknown command.
You slash the red devil! You freeze the red devil. You headbutt the red devil!
You kill the red devil!
No target in view!
No target in view!
No target in view!
No target in view!
No target in view!
No target in view!
(D) Dungeon (T) Temple (L) Lair (A) Shoals (N) Spider Nest (O) Orcish Mines (E) Elven Halls (V) Vaults (U) Depths (H) Hell (Z) Zot
Where to? (Enter - D:1 @ (x,y), ? - help)
There is a stone staircase leading up here.
You climb upwards.
There is a stone staircase leading down here.
Your magical contamination has completely faded away.
There is a stone staircase leading up here.
You climb upwards.
There is a stone staircase leading down here.
There is a stone staircase leading up here.
You climb upwards.
There is a stone staircase leading down here.
A shadow demon comes into view.
The shadow demon gives a loud, deep croak!
Unknown command.
You block the shadow demon's attack.
You hit the shadow demon but do no damage.
The shadow demon hits you but does no damage.
You slash the shadow demon! Your headbutt misses the shadow demon.
The shadow demon is lightly wounded.
You block the shadow demon's attack.
You slash the shadow demon! You freeze the shadow demon.
The shadow demon is heavily wounded.
You block the shadow demon's attack.
You hit the shadow demon but do no damage.
Your headbutt misses the shadow demon.
The shadow demon is heavily wounded.
You slash the shadow demon! You freeze the shadow demon.
Your headbutt misses the shadow demon.
The shadow demon is severely wounded.
The shadow demon gestures.
You hit the shadow demon but do no damage.
The shadow demon is severely wounded.
You hit the soul eater but do no damage.
You block the shadow demon's attack.
You slash the shadow demon! You freeze the shadow demon.
You headbutt the shadow demon.
You kill the shadow demon!
The soul eater disappears in a puff of smoke!
The neqoxec disappears in a puff of smoke!
No target in view!
No target in view!
No target in view!
(D) Dungeon (T) Temple (L) Lair (A) Shoals (N) Spider Nest (O) Orcish Mines (E) Elven Halls (V) Vaults (U) Depths (H) Hell (Z) Zot
Where to? (Enter - D:1 @ (x,y), ? - help)
You are near starving!
There is a stone staircase leading up here.
You climb upwards.
There is a stone staircase leading down here.
There is a stone staircase leading up here.
You climb upwards.
There is a stone staircase leading down here.
There is an open door here.
There is a stone staircase leading up here.
You climb upwards.
There is a stone staircase leading down here.
There is a staircase leading out of the dungeon here.
Unknown command.
You have escaped!

............#.#)...#########.#
..#+###.....#.#....##### #.#
......+.....'.+.......># #.#
..#+###.....#.#....###.# #.#
......#...###........#.# #.#
......#..............#.# #.#
.......##...)........#.# #.#
.......##.......#.####.# #.#
................@.## #.# #.#
..#........#####...# #.# #.#
.##........## #..(# #.# #.#
............####...#
#.#####.####
#####..............#
#....(......
...................#
#######.###.
#..................# #.# #.
+........##.......## #.###.
#.......###.......### #.....


There were no monsters in sight!

Vanquished Creatures
  3 ancient liches
  Boris (twice) (Depths:3 Depths:5)
  Frederick (Depths:5)
  4 Killer Klowns (Zot:2)
  Bai Suzhen (Shoals:4)
  2 golden dragons
  A lich (Vaults:5)
  6 tentacled monstrosities
  Asterion (Spider:4)
  3 titans
  12 Orb Guardians
  An acid blob (Depths:1)
  6 sphinxes
  4 krakens (Shoals:2)
  2 death cobs (Zot:2)
  6 tengu reavers
  Ilsuiw (Shoals:3)
  6 shadow dragons
  5 storm dragons
  6 draconian monks
  3 frost giants
  2 deep elf sorcerers
  3 azure jellies (Depths:1)
  2 fire giants
  3 draconian shifters
  4 draconian scorchers (Zot:2)
  An iron dragon (Depths:4)
  6 ghost moths
  12 vault wardens
  4 draconian knights
  Louise (Shoals:4)
  A cacodemon (Depths:3)
  Aizul (Shoals:1)
  8 ironheart preservers
  A ghoul (Vaults:5)
  15 very ugly things
  7 emperor scorpions
  2 draconian stormcallers
  3 draconian annihilators
  4 war gargoyles (Vaults:5)
  11 stone giants
  Azrael (Orc:2)
  6 deep elf annihilators
  5 green draconians
  4 black draconians
  3 white draconians
  A deep elf demonologist (Vaults:3)
  4 red draconians
  4 yellow draconians
  5 purple draconians
  A crystal guardian (Vaults:1)
  A spark wasp (Spider:3)
  5 merfolk javelineers
  10 ettins
  10 ogre magi
  Erolcha (D:12)
  4 death oozes (Depths:1)
  6 merfolk impalers
  14 yaktaur captains
  5 fire dragons
  7 great orbs of eyes
  4 rakshasas
  5 ice dragons
  6 hydras
  29 vault guards
  A catoblepas (D:13)
  4 merfolk avatars
  29 two-headed ogres
  A hell beast (D:15)
  6 centaur warriors
  An alligator snapping turtle (Shoals:4)
  An alligator (shapeshifter) (Vaults:5)
  5 merfolk aquamancers
  A death knight (Vaults:5)
  11 deep troll earth magi
  6 satyrs
  6 deep troll shamans
  A spriggan berserker (Depths:5)
  A deep elf knight (Vaults:3)
  5 hell knights (Depths:3)
  2 soul eaters
  2 sun demons
  3 unseen horrors
  2 glowing orange brains
  6 wizards
  A swamp dragon (shapeshifter) (Vaults:2)
  An unseen horror (shapeshifter) (Vaults:4)
  2 shadow demons
  24 deep trolls
  9 sea snakes
  A golden dragon skeleton (Depths:2)
  11 harpies
  11 orc knights
  39 ugly things
  A wolf spider zombie (D:15)
  9 ironbrand convokers
  4 phantasmal warriors
  6 necromancers
  11 orb spiders
  7 manticores
  22 fauns
  10 deep elf magi
  5 orc sorcerers
  6 cyclopes
  18 wolf spiders
  A manticore (shapeshifter) (D:15)
  A frost giant skeleton (Depths:2)
  A human skeleton (Vaults:3)
  8 moths of wrath
  A fire giant skeleton (Depths:2)
  6 merfolk sirens
  3 elephants (Lair:4)
  2 rust devils (Depths:3)
  9 vault sentinels
  3 water nymphs
  3 torpor snails
  Maurice (D:8)
  10 spiny frogs
  The ghost of Raspi the Spear-Bearer, a novice MfGl (D:4)
  5 komodo dragons
  A yaktaur zombie (Vaults:3)
  A human zombie (Vaults:3)
  3 kobold demonologists (D:13)
  47 yaktaurs
  17 demonic crawlers
  An efreet (D:13)
  5 freezing wraiths
  A tormentor (Zot:2)
  An entropy weaver simulacrum (Vaults:3)
  A red devil (D:7)
  A tengu conjurer (D:13)
  23 merfolk
  21 jumping spiders
  2 harpy zombies (Shoals:4)
  A wind drake (shapeshifter) (Vaults:5)
  3 polar bears
  A queen bee (Lair:2)
  Prince Ribbit (D:8)
  8 trolls
  4 wind drakes
  Grinder (D:3)
  3 blink frogs (Lair:3)
  7 hornets
  An iron dragon simulacrum (Depths:2)
  23 slime creatures
  3 dream sheep (Shoals:2)
  6 hippogriffs
  A fire giant simulacrum (Depths:2)
  An ettin zombie (Vaults:3)
  A human simulacrum (Vaults:2)
  4 snapping turtles
  2 meliai zombies
  3 shadows
  72 redbacks
  A spriggan (D:10)
  A redback (shapeshifter) (Vaults:5)
  9 water elementals
  A vampire (D:13)
  A spriggan (shapeshifter) (Vaults:5)
  3 fire elementals
  29 tarantellas
  A tarantella (shapeshifter) (D:15)
  18 yaks
  3 wraiths
  A spriggan skeleton (Depths:2)
  17 humans (D:13)
  A yak (shapeshifter) (D:10)
  4 hungry ghosts
  3 basilisks
  2 wyverns
  A basilisk (shapeshifter) (D:15)
  10 vampire mosquitoes
  2 swamp worms (shapeshifter)
  5 wargs
  2 acid dragons
  6 water moccasins
  A floating eye (Depths:3)
  4 hell hounds (Orc:2)
  10 porcupines
  3 sky beasts
  18 orc warriors
  A black bear (D:9)
  An eye of draining (shapeshifter) (Vaults:5)
  2 eyes of draining
  6 ice beasts
  34 ogres
  2 ettin simulacra (Vaults:2)
  3 phantoms
  2 necrophages
  9 wolves
  17 centaurs
  5 crocodiles
  5 big kobolds
  2 hippogriff zombies (Shoals:4)
  14 bullfrogs
  2 wyvern zombies
  A bullfrog (shapeshifter) (Vaults:5)
  2 water moccasin skeletons
  4 scorpions
  37 killer bees
  6 wights
  An electric eel (Lair:4)
  4 howler monkeys
  6 crimson imps
  2 bullfrog zombies
  6 centaur zombies
  9 hounds
  26 orc wizards
  A quasit (Depths:3)
  20 orc priests
  4 centaur skeletons
  10 jellies
  4 bullfrog skeletons
  10 iguanas
  9 worker ants
  A hound zombie (D:8)
  A worker ant zombie (D:8)
  9 gnolls
  15 adders
  5 shadow imps
  2 oozes
  2 adder skeletons
  4 worms
  A dart slug (D:1)
  5 leopard geckos
  95 orcs
  14 bats
  5 giant cockroaches
  5 goblins
  5 hobgoblins
  12 jackals
  5 quokkas
  4 ball pythons
  4 frilled lizards
  A jackal skeleton (D:5)
  27 kobolds
  A leopard gecko zombie (D:3)
  3 rats
  8 plants
  13 tentacles (Shoals:2)
1597 creatures vanquished.

Vanquished Creatures (collateral kills)
  A Killer Klown (Zot:5)
  7 Orb Guardians (Zot:5)
  A tentacled monstrosity (Zot:5)
  A draconian annihilator (Zot:2)
  2 green draconians
  A purple draconian (Zot:2)
  2 white draconians (Zot:5)
  A moth of wrath (Zot:5)
16 creatures vanquished.

Vanquished Creatures (others)
  6 ancient liches (Zot:5)
  2 Killer Klowns (Zot:5)
  An electric golem (Zot:5)
  A tentacled monstrosity (Zot:5)
  7 Orb Guardians (Zot:5)
  2 death cobs (Zot:5)
  A storm dragon (Zot:5)
  A draconian shifter (Zot:2)
  A green draconian (Zot:5)
  A yellow draconian (Zot:5)
  A purple draconian (Zot:5)
  2 sea snakes
  A moth of wrath (Zot:5)
  2 merfolk
  A redback (Spider:4)
  A water elemental (Shoals:4)
  An orc wizard (Orc:1)
  28 plants
  17 tentacles (Shoals:2)
77 creatures vanquished.

Grand Total: 1690 creatures vanquished

Notes
Turn   | Place    | Note
-------+----------+-------------------------------------------
     0 | D:1      | EnegeticOcto the Minotaur Fighter began the quest for the
                  | Orb.
     0 | D:1      | Reached XP level 1. HP: 19/19 MP: 0/0
   146 | D:1      | Reached XP level 2. HP: 25/27 MP: 1/1
   235 | D:1      | Reached skill level 4 in Fighting
   252 | D:1      | Reached skill level 1 in Dodging
   252 | D:1      | Reached XP level 3. HP: 33/33 MP: 2/2
  1205 | D:2      | Found an opulent altar of Gozag.
  1908 | D:2      | Became a worshipper of Gozag Ym Sagoz the Greedy
  1949 | D:3      | Found a faded altar of an unknown god.
  1997 | D:3      | Noticed Grinder
  1998 | D:3      | Paralysed by Grinder for 7 turns
  2013 | D:3      | Paralysed by Grinder for 7 turns
  2023 | D:3      | Killed Grinder
  2023 | D:3      | Reached skill level 5 in Fighting
  2023 | D:3      | Reached XP level 4. HP: 17/42 MP: 3/3
  2023 | D:3      | Reached XP level 5. HP: 20/48 MP: 4/4
  2232 | D:3      | Reached XP level 6. HP: 56/56 MP: 5/5
  2649 | D:3      | Reached skill level 5 in Axes
  3326 | D:4      | Found a white marble altar of Elyvilon.
  3363 | D:4      | Found Esol's Weapon Shoppe.
  3790 | D:4      | Paralysed by fainting for 11 turns
  3916 | D:4      | Reached skill level 6 in Fighting
  3916 | D:4      | Reached XP level 7. HP: 56/63 MP: 6/6
  3939 | D:4      | Reached skill level 5 in Armour
  3939 | D:4      | Reached skill level 5 in Shields
  3947 | D:4      | HP: 3/64 [poisoned by a killer bee]
  4309 | D:4      | Found a runed translucent gate.
  4309 | D:4      | Noticed Raspi's ghost (novice MfGl)
  4310 | D:4      | Found a runed translucent gate.
  4311 | D:4      | Found a runed translucent gate.
  4311 | D:4      | Identified the +9 scimitar of Harmony {drain, +Inv rC+++
                  | MP-9 Str-5}
  4311 | D:4      | Identified the +5 chain mail of Spring Thaw {rF- Str+5
                  | Dex-2}
  4317 | D:4      | Found a roughly hewn altar of Beogh.
  4398 | D:5      | Entered Level 5 of the Dungeon
  4666 | D:5      | Found a sacrificial altar of Ru.
  4905 | D:5      | Reached XP level 8. HP: 64/71 MP: 7/7
  4911 | D:5      | Reached skill level 7 in Fighting
  5005 | D:5      | Found a glowing golden altar of the Shining One.
  5072 | D:5      | Found a hide-covered altar of Uskayaw.
  5418 | D:5      | Found a basalt altar of Yredelemnul.
  5728 | D:6      | Found Tejusu Behe's Food Shoppe.
  6204 | D:6      | Found a glowing drain.
  6231 | Sewer    | Entered a sewer
  6655 | D:6      | Reached skill level 8 in Fighting
  6945 | D:7      | Reached XP level 9. HP: 61/82 MP: 8/8
  7085 | D:7      | Found a staircase to the Ecumenical Temple.
  7800 | D:4      | Killed Raspi's ghost
  7800 | D:4      | Reached skill level 9 in Fighting
  7800 | D:4      | Reached skill level 5 in Dodging
  8400 | D:8      | Noticed Maurice
  8415 | D:8      | Killed Maurice
  8564 | D:8      | Noticed Prince Ribbit
  8572 | D:8      | Reached XP level 10. HP: 92/93 MP: 9/9
  8587 | D:8      | Reached skill level 10 in Fighting
  9228 | D:9      | Reached skill level 10 in Axes
  9653 | D:10     | Entered Level 10 of the Dungeon
  9850 | D:10     | Found Ihaupp's Gadget Boutique.
 10222 | D:10     | Identified the +1 pair of gloves "Zonec" {rElec MR+ Int+2}
                  | (You found it on level 10 of the Dungeon)
 10239 | D:10     | Reached skill level 11 in Fighting
 10245 | D:10     | Reached skill level 1 in Evocations
 10581 | D:10     | Found a staircase to the Orcish Mines.
 10872 | D:11     | Reached XP level 11. HP: 100/102 MP: 9/11
 11319 | D:11     | Found a large runed translucent door.
 11320 | D:11     | Found a large runed translucent door.
 11323 | D:11     | Noticed gruber's ghost (journeyman GrGl)
 11414 | D:11     | Found a staircase to the Lair.
 11495 | D:11     | Noticed a seven-headed hydra
 11511 | D:11     | Killed an 11-headed hydra
 12098 | D:11     | Bought a faintly humming chain mail for 209 gold pieces
 12098 | D:11     | Identified the +10 chain mail of Guleol {Str+4} (You bought
                  | it in a shop on level 11 of the Dungeon)
 12152 | D:12     | Noticed a two-headed ogre
 12165 | D:12     | Killed a two-headed ogre
 12285 | D:12     | Found a bloodstained altar of Trog.
 12290 | D:12     | Noticed a two-headed ogre
 12301 | D:12     | Killed a two-headed ogre
 12301 | D:12     | Reached skill level 12 in Fighting
 12617 | D:12     | Noticed a white ugly thing
 12625 | D:12     | Killed a white ugly thing
 12928 | D:12     | Killed an unseen horror
 12955 | D:12     | Noticed Erolcha
 12968 | D:12     | Killed Erolcha
 13180 | D:12     | Reached XP level 12. HP: 110/113 MP: 11/13
 13509 | Orc:1    | Entered Level 1 of the Orcish Mines
 13989 | Orc:1    | Found a radiant altar of Vehumet.
 14128 | Orc:1    | Reached skill level 13 in Fighting
 14668 | Orc:2    | Entered Level 2 of the Orcish Mines
 14668 | Orc:2    | Found a staircase to the Elven Halls.
 14689 | Orc:2    | Reached skill level 10 in Armour
 14948 | Orc:2    | Found Benunwae's General Store.
 14948 | Orc:2    | Found Cawemn's Antique Weapon Shop.
 14948 | Orc:2    | Noticed a two-headed ogre
 14948 | Orc:2    | Noticed an ogre mage
 14948 | Orc:2    | Noticed Azrael
 14949 | Orc:2    | Noticed an ogre mage
 14949 | Orc:2    | Noticed a two-headed ogre
 14949 | Orc:2    | Noticed a two-headed ogre
 14950 | Orc:2    | Found Xawerphic's Book Boutique.
 14950 | Orc:2    | Found Wukk's General Store.
 14950 | Orc:2    | Noticed a two-headed ogre
 14950 | Orc:2    | Noticed an ogre mage
 14950 | Orc:2    | Noticed an ogre mage
 14950 | Orc:2    | Noticed a two-headed ogre
 14950 | Orc:2    | Noticed a two-headed ogre
 14950 | Orc:2    | Noticed a two-headed ogre
 14951 | Orc:2    | Noticed a two-headed ogre
 14951 | Orc:2    | Noticed a two-headed ogre
 14951 | Orc:2    | Noticed a two-headed ogre
 14952 | Orc:2    | Noticed a two-headed ogre
 14956 | Orc:2    | Noticed a two-headed ogre
 14956 | Orc:2    | Killed an ogre mage
 14956 | Orc:2    | Reached skill level 10 in Shields
 14956 | Orc:2    | Killed a two-headed ogre
 14956 | Orc:2    | Killed a two-headed ogre
 14956 | Orc:2    | Killed a two-headed ogre
 14956 | Orc:2    | Killed an ogre mage
 14956 | Orc:2    | Killed an ogre mage
 14956 | Orc:2    | Killed a two-headed ogre
 14956 | Orc:2    | Killed a two-headed ogre
 14956 | Orc:2    | Killed a two-headed ogre
 14956 | Orc:2    | Killed a two-headed ogre
 14956 | Orc:2    | Reached skill level 5 in Evocations
 14956 | Orc:2    | Reached XP level 13. HP: 35/123 MP: 4/15
 14956 | Orc:2    | Reached skill level 14 in Fighting
 15418 | Orc:2    | Killed Azrael
 15601 | Orc:2    | Bought a potion of magic for 136 gold pieces
 15601 | Orc:2    | Bought a scroll of silence for 127 gold pieces
 15603 | Orc:2    | Bought a potion of curing for 36 gold pieces
 16448 | Lair:1   | Entered Level 1 of the Lair of Beasts
 18947 | Lair:3   | Found a hole to the Spider Nest.
 19721 | Lair:4   | Reached skill level 15 in Fighting
 19721 | Lair:4   | Reached XP level 14. HP: 129/135 MP: 15/17
 19858 | Lair:4   | Found a staircase to the Shoals.
 19873 | Lair:4   | Reached skill level 10 in Dodging
 20259 | Lair:4   | Reached skill level 15 in Axes
 21979 | D:13     | Found Kotrih's Jewellery Emporium.
 21988 | D:13     | Bought a +4 ring of protection for 504 gold pieces
 22179 | D:13     | Reached skill level 16 in Fighting
 22420 | D:13     | Found a gate to the Vaults.
 23111 | D:14     | Reached XP level 15. HP: 144/144 MP: 19/19
 23355 | D:15     | Entered Level 15 of the Dungeon
 23355 | D:15     | Found a burning altar of Makhleb.
 23763 | D:15     | Found Omeuj's Magic Scroll Shop.
 23769 | D:15     | Bought a scroll of fear for 63 gold pieces
 23769 | D:15     | Bought 3 scrolls of enchant armour for 405 gold pieces
 23769 | D:15     | Bought a scroll of fear for 63 gold pieces
 24224 | D:15     | Found a staircase to the Depths.
 25030 | Shoals:1 | Entered Level 1 of the Shoals
 25567 | Shoals:1 | Noticed Aizul
 25591 | Shoals:1 | Killed Aizul
 25690 | Shoals:1 | Reached skill level 17 in Fighting
 26302 | Shoals:2 | Found Ruubonk's Antique Armour Shop.
 26468 | Shoals:2 | Bought a masterwork plate armour for 980 gold pieces
 26468 | Shoals:2 | Identified the +4 plate armour of Emoga {rN++ MP+9 Dex-2
                  | Slay+2} (You bought it in a shop on level 2 of the Shoals)
 26644 | Shoals:2 | Reached XP level 16. HP: 100/155 MP: 21/21
 27062 | Shoals:2 | Noticed a kraken
 27160 | Shoals:2 | Noticed a kraken
 27174 | Shoals:2 | Killed a kraken
 27279 | Shoals:2 | Killed a kraken
 27423 | Shoals:2 | Noticed a kraken
 27436 | Shoals:2 | Killed a kraken
 27641 | Shoals:2 | Noticed a kraken
 27655 | Shoals:2 | Killed a kraken
 28123 | Shoals:3 | Found a frozen archway.
 28184 | Shoals:3 | Noticed Ilsuiw
 28211 | Shoals:3 | Killed Ilsuiw
 28574 | Shoals:4 | Entered Level 4 of the Shoals
 28609 | Shoals:4 | Noticed Bai Suzhen
 28626 | Shoals:4 | Killed Bai Suzhen
 28648 | Shoals:4 | Reached skill level 18 in Fighting
 28691 | Shoals:4 | Noticed Louise
 29072 | Shoals:4 | Killed Louise
 29565 | Shoals:4 | Got a barnacled rune of Zot
 29570 | Shoals:4 | Identified the +8 plate armour "Loumoch" {rPois rC+ Stlth+}
 29606 | Shoals:4 | Reached XP level 17. HP: 103/166 MP: 22/22
 30075 | Spider:1 | Entered Level 1 of the Spider Nest
 30949 | Spider:2 | Paralysed by a hornet for 2 turns
 31618 | Spider:3 | Reached skill level 19 in Fighting
 31868 | Spider:4 | Entered Level 4 of the Spider Nest
 31868 | Spider:4 | Noticed Asterion
 31882 | Spider:4 | Killed Asterion
 32084 | Spider:4 | Reached skill level 10 in Evocations
 32093 | Spider:4 | Reached skill level 15 in Shields
 32149 | Spider:4 | Reached XP level 18. HP: 174/176 MP: 5/24
 32321 | Spider:4 | Got a gossamer rune of Zot
 32907 | Vaults:1 | Entered Level 1 of the Vaults
 33529 | Vaults:2 | Found a flickering gateway to a bazaar.
 33540 | Bazaar   | Entered a bazaar
 33540 | Bazaar   | Found Gigiw's Magic Scroll Shoppe.
 33540 | Bazaar   | Found Udgholank's Distillery.
 33540 | Bazaar   | Found Navuis's Food Emporium.
 33548 | Bazaar   | Bought a potion of curing for 45 gold pieces
 33548 | Bazaar   | Bought a potion of heal wounds for 75 gold pieces
 33548 | Bazaar   | Bought a potion of might for 60 gold pieces
 33548 | Bazaar   | Bought 2 potions of mutation for 240 gold pieces
 33548 | Bazaar   | Bought a potion of curing for 45 gold pieces
 33548 | Bazaar   | Bought a potion of mutation for 120 gold pieces
 33548 | Bazaar   | Bought a potion of berserk rage for 75 gold pieces
 33552 | Bazaar   | Bought a scroll of acquirement for 624 gold pieces
 33566 | Bazaar   | Bought a scroll of teleportation for 36 gold pieces
 33566 | Bazaar   | Bought 3 scrolls of teleportation for 108 gold pieces
 34504 | Vaults:3 | Noticed a Brimstone Fiend
 34647 | Vaults:3 | Reached skill level 20 in Fighting
 34654 | Vaults:3 | Reached skill level 15 in Armour
 35734 | Vaults:4 | Reached XP level 19. HP: 145/187 MP: 26/26
 36236 | Vaults:5 | Entered Level 5 of the Vaults
 36938 | Vaults:5 | Reached skill level 21 in Fighting
 37018 | Vaults:5 | Identified the cursed +3 arbalest "Alavyinuo" {venom, rC+
                  | Int-2 Dex+10}
 37282 | Vaults:5 | Found Jutreg's Food Boutique.
 37282 | Vaults:5 | Found Vuus's Food Emporium.
 37293 | Vaults:5 | Found Oggu's Distillery.
 37350 | Vaults:5 | Identified the +1 robe "Elad" {rF+ rC- Dex+4}
 37464 | Vaults:5 | Bought a potion of heal wounds for 110 gold pieces
 37464 | Vaults:5 | Bought a potion of curing for 66 gold pieces
 37464 | Vaults:5 | Bought a potion of curing for 66 gold pieces
 37464 | Vaults:5 | Bought a potion of curing for 66 gold pieces
 37464 | Vaults:5 | Bought a potion of curing for 66 gold pieces
 37464 | Vaults:5 | Bought a potion of heal wounds for 110 gold pieces
 37464 | Vaults:5 | Bought a potion of haste for 220 gold pieces
 37625 | Vaults:5 | Identified the +2 flail "Ogreslayer" {vorpal, rC+ MR+
                  | Int+3}
 37630 | Vaults:5 | Identified the +9 broad axe of the Lair of Beasts {holy,
                  | Int+4}
 37630 | Vaults:5 | Identified the amulet "Exeipti" {Regen+ Str+5}
 37845 | Vaults:5 | Noticed a golden dragon
 37862 | Vaults:5 | Killed a golden dragon
 37862 | Vaults:5 | Reached XP level 20. HP: 105/198 MP: 27/27
 38287 | Vaults:5 | Found Hoqaod's Armour Shoppe.
 38314 | Vaults:5 | Bought the cursed +0 pair of boots of Dishonesty {rN+} for
                  | 215 gold pieces
 38463 | Vaults:5 | Identified the +8 glaive "Kustrit" {drain, rF+ Int+3}
 38659 | Vaults:5 | Reached skill level 15 in Dodging
 38917 | Vaults:5 | Noticed an ancient lich
 38933 | Vaults:5 | Killed an ancient lich
 38955 | Vaults:5 | Reached skill level 22 in Fighting
 39008 | Vaults:5 | Noticed an ancient lich
 39018 | Vaults:5 | Killed an ancient lich
 39896 | Vaults:5 | Got a silver rune of Zot
 40108 | Vaults:5 | Identified the Tome of Creative Transmutation
 40889 | Depths:1 | Entered Level 1 of the Depths
 41080 | Depths:1 | Reached XP level 21. HP: 189/209 MP: 29/29
 41107 | Depths:1 | Found a viscous altar of Jiyva.
 41828 | Depths:2 | Found a portal to a secret trove of treasure.
 41919 | Depths:3 | Paralysed by a floating eye for 3 turns
 42245 | Depths:3 | Gained mutation: Your magical capacity is low. (-10% MP) [a
                  | cacodemon]
 42320 | Depths:3 | Noticed Boris
 42334 | Depths:3 | Killed Boris
 42631 | Depths:4 | Reached skill level 23 in Fighting
 42850 | Depths:4 | Found a one-way gate to the infinite horrors of the Abyss.
 42916 | Depths:4 | Found an iron altar of Okawaru.
 42973 | Depths:4 | Found a gateway to Hell.
 43020 | Depths:5 | Entered Level 5 of the Depths
 43020 | Depths:5 | Noticed Boris
 43054 | Depths:5 | Killed Boris
 43320 | Depths:5 | Noticed Frederick
 43349 | Depths:5 | Killed Frederick
 43371 | Depths:5 | Reached XP level 22. HP: 156/219 MP: 27/27
 44021 | Depths:5 | Found a gate to the Realm of Zot.
 44049 | Zot:1    | Entered Level 1 of the Realm of Zot
 44078 | Zot:2    | Noticed a Killer Klown
 44078 | Zot:2    | Noticed an ancient lich
 44081 | Zot:2    | Noticed a Killer Klown
 44092 | Zot:2    | Killed an ancient lich
 44096 | Zot:2    | Killed a Killer Klown
 44108 | Zot:2    | Killed a Killer Klown
 44498 | Zot:2    | Noticed a Killer Klown
 44547 | Zot:2    | Killed a Killer Klown
 45082 | Zot:2    | Noticed a Killer Klown
 45117 | Zot:2    | Killed a Killer Klown
 45165 | Zot:2    | Lost mutation: Your magical capacity is low. (-10% MP)
                  | [potion of mutation]
 45165 | Zot:2    | Gained mutation: You expend magic power (3 MP) to
                  | strengthen your wands. [potion of mutation]
 45165 | Zot:2    | Gained mutation: You are somewhat resistant to further
                  | mutation. [potion of mutation]
 45167 | Zot:3    | Noticed a golden dragon
 45174 | Zot:3    | Killed a golden dragon
 45174 | Zot:3    | Reached skill level 24 in Fighting
 45495 | Zot:4    | Found a transporter.
 45499 | Zot:5    | Entered Level 5 of the Realm of Zot
 45515 | Zot:5    | Noticed an ancient lich
 45515 | Zot:5    | Noticed an ancient lich
 45516 | Zot:5    | Noticed an ancient lich
 45521 | Zot:5    | Noticed a Killer Klown
 45522 | Zot:5    | Noticed a Killer Klown
 45522 | Zot:5    | Noticed an ancient lich
 45523 | Zot:5    | Noticed an ancient lich
 45523 | Zot:5    | Noticed an orb of fire
 45525 | Zot:5    | Noticed an ancient lich
 45540 | Zot:5    | Killed a Killer Klown
 45644 | Zot:5    | Killed a Killer Klown
 45658 | Zot:5    | Got the Orb of Zot
 45661 | Zot:5    | Noticed an ancient lich
 45661 | Zot:5    | Noticed an ancient lich
 45668 | Zot:5    | Killed an ancient lich
 45671 | Zot:5    | Reached XP level 23. HP: 171/229 MP: 32/32
 45680 | Zot:5    | Killed an ancient lich
 45749 | Zot:5    | Killed a Killer Klown
 45764 | Zot:5    | Killed an ancient lich
 46258 | D:8      | Killed Prince Ribbit
 46429 | D:$      | Escaped with the Orb!

Illustrated notes

Levels and vault maps discovered:
D:1:      dpeg_arrival_tiny_a, layout_basic
D:2:      layout_basic, overflow_temple_1_default, first_ration,
          kennysheep_donut, chequers_serial_rivers_micro_d
D:3:      layout_basic, chequers_ecumenical_altar_island, uniq_grinder
D:4:      layout_basic, serial_shops, shop_fountains,
          biasface_ghost_orc_armoury, minmay_misc_feat_columns, elyvilon_altar_5
D:5:      layout_basic, eat_drink_and_be_merry_uskayaw, kennysheep_mini_moat,
          nicolae_ru_sacrificial_ziggurat, basic_altar
D:6:      layout_cave_pools, serial_shops,
          nicolae_shop_competitors_out_of_business, gup_sewer_entry_glass
D:7:      layout_loops_cross, minmay_temple_entry_mini_moons
D:8:      layout_rooms, uniq_prince_ribbit1, uniq_maurice
D:9:      layout_rooms
D:10:     layout_loops_corners, orc_0_dummy, serial_shops,
          nicolae_shop_statue_plus, the_bakery, library_closet, minivault_19
D:11:     layout_cross, david_lair_shrubbed, ebering_ghost_disaster_area
D:12:     layout_roguey, drop_trap, trog_ov_bears_minmay, uniq_erolcha
D:13:     minmay_blocking_statues, layout_basic, grunt_vaults_entry_tiered,
          minmay_shop_enchanted_jewellery
D:14:     layout_roguey, serial_curves, eino_curves_04, eino_curves_02,
          eino_curves_03
D:15:     grunt_enter_depths_hoard, layout_irregular_city, basic_altar,
          nicolae_lava_and_water, serial_column_ruins, column_ruins_open_tiny,
          column_ruins_open_large, column_ruins_columns_straight,
          column_ruins_open_small, serial_shops, nicolae_shop_waterfront,
          billiards_dpeg
Lair:1:   layout_hall_layers, beast_lair_carwin_2
Lair:2:   layout_cellular_growth, special_room [special_room_bee]
Lair:3:   layout_loops_ring, nicolae_spider_entry_tight_spaces, minivault_11,
          lemuel_fruit_tree, grunt_megastairs_4, minmay_lair_oklob_chamber
Lair:4:   layout_layer_cave, elwin_shoals_entry_stream,
          hangedman_lair_unloving_vines, grunt_megastairs_2,
          serial_bayou_shore_a
Shoals:1: cheibrodos_shoals_oceanic_diplomacy, layout_shoals, uniq_aizul
Shoals:2: layout_shoals, serial_shops, nicolae_shop_competitors_out_of_business,
          nicolae_shoals_kraken_party
Shoals:3: layout_shoals, portal_ice_cave_entry_dragon, serial_shops,
          bzr_entry_water, nicolae_shoals_cliffside_cave, uniq_ilsuiw,
          uniq_polyphemus
Shoals:4: shoals_end_grunt_garden, layout_shoals, nicolae_shoals_undead_eyrie,
          uniq_bai_suzhen, uniq_louise
Spider:1: layout_spider_delve, worms_lemuel
Spider:2: nicolae_orb_stairs_large
Spider:3: layout_chambers, uniq_roxanne
Spider:4: grunt_spider_rune_circles, nicolae_crawler_farm, uniq_asterion
Orc:1:    layout_diamond_mine, basic_altar
Orc:2:    st_orc_ogre_mass, layout_caves, uniq_azrael
Vaults:1: ontoclasm_vaults_ring_large, v_misc_10, nicolae_vaults_sealed_display,
          nicolae_vaults_angled_halls, ontoclasm_vaults_twist,
          ontoclasm_vaults_misaligned, vaults_room_stairs_pillars,
          hangedman_vaults_slice, ontoclasm_vaults_gateway,
          grunt_vaults_diagonal, hangedman_vaults_restitches, v_misc_27,
          st_check, vaults_standard_mumra_enter_the_diamond, vaults_dpeg_hooks,
          layout_vaults_ring, serial_shops, nicolae_shop_waterfront
Vaults:2: dpeg_vaults_monster_row, v_misc_8,
          vaults_standard_mumra_enter_the_diamond,
          nicolae_vaults_border_crossing, ontoclasm_vaults_bender,
          vaults_standard_mumra_lines, vaults_room_grid, v_misc_30,
          vaults_dpeg_ring, layout_vaults_chaotic_city, serial_shops,
          bzr_entry_islet
Vaults:3: vaults_room_hallway, minmay_crypt_entry_necro_gods,
          nicolae_vaults_network_periphery, v_misc_4,
          hangedman_vaults_river_flow, vaults_room_pools, grunt_vaults_funnel,
          v_misc_3, vaults_dpeg_cross, vaults_mumra_minichess_inversion,
          v_misc_23, ontoclasm_vaults_decontamination, layout_vaults_omnigrid,
          serial_shops, nicolae_shop_crystal
Vaults:4: vaults_mumra_minichess, dpeg_vaults_waves, vaults_dpeg_encased_lava,
          nicolae_vaults_windows_and_doors_thing, dpeg_vaults_monster_box,
          vaults_standard_mumra_enter_the_diamond,
          nicolae_vaults_little_squares_2, v_rooms_4,
          hangedman_vaults_variations, serial_ice_g, layout_vaults_omnicross
Vaults:5
Depths:1: layout_gridville, special_room [special_room_jelly], grunt_metal_band,
          minmay_crystal_room, serial_sigils, serial_sigils_hangedman_leer,
          serial_sigils_hangedman_stare, serial_sigils_hangedman_quiver,
          serial_sigils_hangedman_writhe, serial_sigils_hangedman_etch
Depths:2: grunt_twisty_corner, layout_small_grid, enter_ziggurat_b,
          grunt_hell_entry_dis_mu, enter_trove_2, pan_entry,
          serial_bayou_shore_b, minmay_staircase_bubble, minmay_shop_star,
          kennysheep_random_hallway
Depths:3: hangedman_box_tower, layout_long_grid, abyss_entry_small_statue_room,
          hell_entry, grunt_pan_entry_spiral, ebering_dispersal_statue_hall,
          uniq_boris
Depths:4: evilmike_iron_armoury, layout_basic, hell_entry, abyss_entry,
          rand_demon_pan_entry_1, ashenzari_altar_1,
          infiniplex_staircase_zigzag_1
Depths:5: grunt_zot_entry_tricorne, layout_gridlike, minmay_misc_feat_chi,
          abyss_entry, serial_co_window_serial, co_window_of_opportunity_a,
          co_window_of_opportunity_a, co_window_paths_a, co_window_paths_a,
          co_window_paths_b, co_window_broadway_b, co_window_broadway_c,
          co_window_of_opportunity_b, glass_columns_b, glass_columns_a,
          glass_columns_c, hell_entry, corexii_leaking_fountain,
          minmay_guarded_unrand_vampires_tooth, uniq_frederick
Zot:1:    layout_cellular_growth, hangedman_zot_decor_slant
Zot:2:    ebering_klown_carousel, layout_gridlike
Zot:3:    layout_misc_corridors, grunt_ministairs_4
Zot:4:    layout_onion, gammafunk_ghost_mausoleum
Zot:5:    layout_gridlike

Skill      XL: |  1  2  3  4  5  6  7  8  9 10 11 12 13 14 15 16 17 18 19 20 21 22 23 |
---------------+----------------------------------------------------------------------+-----
Fighting       | 4 5 6 8 9 11 12 13 15 16 17 18 19 20 21 22 23 24 | 24.5
Axes           | 3 4 5 6 7 9 11 12 13 14 16 17 18 | 18.0
Dodging        | 1 2 3 4 5 6 7 9 10 11 12 13 14 15 16 17 | 17.2
Armour         | 4 5 6 7 8 9 10 11 12 13 14 15 16 17 18 | 18.6
Shields        | 4 5 6 7 8 9 10 11 12 13 15 16 18 19 20 21 | 21.9
Evocations     | 1 3 5 6 7 8 9 10 11 12 13 | 13.9

Action                   |  1- 3 |  4- 6 |  7- 9 | 10-12 | 13-15 | 16-18 | 19-21 | 22-24 || total
-------------------------+-------+-------+-------+-------+-------+-------+-------+-------++-------
Melee: War axe           |    89 |    70 |   346 |   160 |       |       |       |       ||   665
       Headbutt          |    13 |     9 |    65 |    96 |   247 |   302 |   366 |   109 ||  1207
       Broad axe         |       |       |       |   346 |   973 |  1248 |  1269 |   419 ||  4255
Invok: Potion Petition   |       |       |     1 |       |       |     3 |       |     4 ||     8
       Call Merchant     |       |       |       |     1 |       |       |       |       ||     1
       Bribe Branch      |       |       |       |       |       |       |       |     2 ||     2
Evoke: Wand              |       |       |       |     7 |     5 |       |     1 |    14 ||    27
       Lightning rod     |       |       |       |       |    11 |       |       |       ||    11
       Box of beasts     |       |       |       |       |       |       |       |     2 ||     2
  Use: Scroll            |     6 |     2 |     8 |    15 |    11 |     8 |     7 |    12 ||    69
       Potion            |     3 |     1 |     1 |     3 |     3 |    14 |     3 |    21 ||    49
 Stab: Distracted        |       |       |       |     5 |     9 |    10 |     9 |     5 ||    38
       Invisible         |       |       |       |     1 |       |     8 |       |    12 ||    21
       Paralysed         |       |       |       |       |     7 |       |       |    18 ||    25
       Sleeping          |       |       |       |       |       |       |       |    28 ||    28
  Eat: Chunk             |     3 |       |       |       |       |       |       |       ||     3
       Ration            |       |     3 |     5 |     7 |    11 |    10 |     7 |     2 ||    45
Armor: Scale mail        |    26 |    15 |    22 |       |       |       |       |       ||    63
       Skin              |       |    12 |    17 |       |       |       |       |       ||    29
       Chain mail        |       |       |    95 |   202 |   408 |       |       |       ||   705
       Plate armour      |       |       |       |    62 |     9 |   427 |   323 |   101 ||   922
Dodge: Dodged            |    30 |    21 |    77 |   151 |   289 |   316 |   223 |    71 ||  1178
Block: Kite shield       |    60 |    36 |   315 |   368 |   611 |   351 |       |       ||  1741
       Reflection        |       |       |     5 |       |     9 |    59 |       |       ||    73
       Tower shield      |       |       |       |       |       |   960 |  1061 |   354 ||  2375
